 Dungeon Crawl Stone Soup version 0.29-a0-1027-gcd8c55af63 (webtiles) character file.

Game seed: 15329344081633457405

1309 27heaven the Magician (level 8, -7/45 HPs)
             Began as a Deep Elf Abyssal Knight on Aug 12, 2022.
             Was an Elder of Lugonu.
             Killed by divine providence
             ... invoked by an orc priest
              (11 damage)
             ... on level 6 of the Dungeon.
             The game lasted 00:13:07 (7753 turns).

27heaven the Magician (Deep Elf Abyssal Knight)     Turns: 7753, Time: 00:13:08

Health: -7/45      AC:  4    Str: 10    XL:     8   Next: 32%
Magic:  20/20      EV: 13    Int: 30    God:    Lugonu [****..]
Gold:   417        SH:  9    Dex: 22    Spells: 13/21 levels left

rFire   . . .      SeeInvis .   r - +5 short sword "Jafitirgh" {vorpal, Int+6 Dex+7}
rCold   . . .      Faith    .   I - +0 buckler {rPois}
rNeg    . . .      Spirit   .   b - +0 leather armour
rPois   +          Reflect  +   (no helmet)
rElec   .          Harm     .   (no cloak)
rCorr   .          Rampage  .   A - +0 pair of gloves
Will    +....                   (no boots)
Stlth   ++........              t - amulet of reflection
HPRegen 0.15/turn               F - +6 ring of intelligence
MPRegen 0.17/turn               p - ring of willpower

@: wereblooded
A: no striking features
a: Renounce Religion, Depart the Abyss, Bend Space, Banish, Corrupt


You were on level 6 of the Dungeon.
You worshipped Lugonu.
Lugonu was greatly pleased with you.
You visited 1 branch of the dungeon, and saw 6 of its levels.
You visited the Abyss 1 time.

You collected 417 gold pieces.

Inventory:

Hand Weapons
 j - a +0 sling
 r - the +5 short sword "Jafitirgh" (weapon) {vorpal, Int+6 Dex+7}
   (You found it on level 2 of the Dungeon)

   It inflicts extra damage upon your enemies.
   Int:       It affects your intelligence (+6).
   Dex:       It affects your dexterity (+7).
Missiles
 x - 5 curare-tipped darts
Armour
 a - a +2 chain mail of cold resistance
 b - a +0 leather armour (worn)
 A - a +0 pair of gloves (worn)
 I - a +0 buckler of poison resistance (worn)
Jewellery
 c - a ring of poison resistance
 p - a ring of willpower (right hand)
 t - an amulet of reflection (around neck)
 F - a +6 ring of intelligence (left hand)
Wands
 v - a wand of digging (9)
 D - a wand of quicksilver (5)
 J - a wand of polymorph (10)
Scrolls
 f - a scroll of torment {unknown}
 g - a scroll of silence {unknown}
 h - 4 scrolls of teleportation {unknown}
 i - a scroll of fog {unknown}
 k - 8 scrolls of identify {unknown}
 l - a scroll of amnesia {unknown}
 n - 2 scrolls of summoning {unknown}
 q - 3 scrolls of immolation {unknown}
 s - 4 scrolls of fear {unknown}
 y - a scroll of enchant weapon {unknown}
 z - a scroll of noise {unknown}
 B - 2 scrolls of acquirement {unknown}
 C - a scroll of magic mapping {unknown}
 E - 3 scrolls of vulnerability {unknown}
 H - a scroll of poison {unknown}
Potions
 d - 4 potions of lignification {unknown}
 e - a potion of haste {unknown}
 m - a potion of berserk rage
 o - a potion of curing
 u - 2 potions of brilliance
 w - a potion of attraction {unknown}
 G - a potion of magic {unknown}


   Skills:
 - Level 2.9 Fighting
 - Level 3.9 Short Blades
 - Level 1.4 Ranged Weapons
 - Level 0.7 Armour
 - Level 3.3 Dodging
 + Level 7.1 Spellcasting
 * Level 6.9 Summonings
 - Level 2.0 Transmutations
 - Level 2.9 Invocations


You had 13 spell levels left.
You knew the following spells:

 Your Spells              Type           Power      Damage    Failure   Level
a - Wereblood             Tmut           22%        N/A       6%          2
b - Summon Cactus Giant   Summ           25%        N/A       61%         6

Your spell library contained the following spells:

 Spells                   Type           Power      Damage    Failure   Level
 Beastly Appendage        Tmut           44%        N/A       3%          1
 Scorch                   Fire           20%        2d6       13%         2
 Spider Form              Tmut/Pois      16%        N/A       17%         3
 Flame Wave               Conj/Fire      10%        2d6       65%         4


Dungeon Overview and Level Annotations

Branches:
Dungeon (6/15)             Temple (0/1) D:6

Altars:
Uskayaw
Yredelemnul
The Shining One

Shops:
D:1 :

Annotations:
D:5 3 runed translucent doors, Thargor's ghost, novice GrEE


Message History

You block the orc wizard's attack.
You hit the orc priest but do no damage.
The orc priest is moderately wounded.
You howl as the wereblood boils in your veins!
You completely miss the orc priest.
The orc priest is moderately wounded.
You howl as the wereblood boils in your veins!
The orc wizard casts a spell.
The orc wizard flickers and vanishes!
Deactivating autopickup; reactivate with Ctrl-A.
You block the orc priest's attack.
You hit the orc priest but do no damage.
The orc priest is moderately wounded.
Something hits you.
* * * LOW HITPOINT WARNING * * *
You block the orc priest's attack.
You barely miss the orc priest.
The orc priest is moderately wounded.
The orc priest barely misses you. Something hits you.
* * * LOW HITPOINT WARNING * * *
You barely miss the orc priest.
The orc priest is moderately wounded.
The orc priest hits you with a +0 mace.
* * * LOW HITPOINT WARNING * * *
You block something's attack.
You barely miss the orc priest.
The orc priest is moderately wounded.
The orc priest barely misses you. Something hits you.
* * * LOW HITPOINT WARNING * * *
You hit the orc priest.
The orc priest is heavily wounded.
You block the orc priest's attack. Something completely misses you.
You barely miss the orc priest.
The orc priest is heavily wounded.
You block the orc priest's attack. You block something's attack.
You barely miss the orc priest.
The orc priest is heavily wounded.
The orc priest mumbles some strange prayers to Beogh against you.
Beogh smites you!
You die...

## #.. #.# #.# #.# #.#
################.######.
................o{......
######.#########@####.)
#.# #.# #.# #.# #.# #.#
#.# #.# #[# #.# #.# #.#
#.# #.. #.# ##.


You could see an orc priest.

Vanquished Creatures
  Eustachio (D:4)
  Edmund (D:4)
  2 water moccasins (D:6)
  An ogre (D:5)
  2 scorpions
  4 hounds
  A gnoll bouda (D:5)
  4 orc priests
  4 iguanas
  Jessica (D:2)
  An orc wizard (D:6)
  4 gnolls
  5 adders
  A shadow imp (D:5)
  An ufetubus (D:5)
  A worm (D:3)
  5 dart slugs
  14 orcs
  5 bats
  6 endoplasms
  2 giant cockroaches
  12 goblins
  5 hobgoblins
  4 jackals
  9 kobolds
  5 quokkas
  10 ball pythons
  6 frilled lizards
  9 rats
126 creatures vanquished.

Vanquished Creatures (others)
  9 fungi (D:4)
9 creatures vanquished.

Grand Total: 135 creatures vanquished

Notes
Turn   | Place    | Note
-------+----------+-------------------------------------------
     0 | Abyss:1  | 27heaven the Deep Elf Abyssal Knight began the quest for
                  | the Orb.
     0 | Abyss:1  | Reached XP level 1. HP: 13/13 MP: 4/4
    34 | Abyss:1  | Noticed a large abomination
    53 | Abyss:1  | Noticed an ancient zyme
    65 | D:1      | Escaped the Abyss
   120 | D:1      | Found Geunaz's Book Shop.
  1061 | D:1      | Reached XP level 2. HP: 18/18 MP: 5/5
  1163 | D:1      | Reached ** piety under Lugonu
  1580 | D:1      | Reached XP level 3. HP: 18/22 MP: 6/6
  1659 | D:1      | Found a faded altar of an unknown god.
  1910 | D:2      | Reached skill level 1 in Ranged Weapons
  2195 | D:2      | Identified the +5 short sword "Jafitirgh" {vorpal, Int+6
                  | Dex+7}
  2310 | D:2      | Reached XP level 4. HP: 27/27 MP: 8/8
  2492 | D:2      | Noticed Jessica
  2501 | D:2      | Killed Jessica
  2502 | D:2      | Reached skill level 1 in Spellcasting
  3116 | D:2      | Reached *** piety under Lugonu
  3117 | D:2      | Reached skill level 2 in Spellcasting
  3477 | D:3      | Reached XP level 5. HP: 32/32 MP: 10/10
  4007 | D:4      | Reached skill level 3 in Spellcasting
  4174 | D:3      | Learned a level 2 spell: Wereblood
  4381 | D:4      | Found a hide-covered altar of Uskayaw.
  4422 | D:4      | Reached XP level 6. HP: 27/36 MP: 13/13
  4651 | D:4      | Learned a level 6 spell: Summon Cactus Giant
  4660 | D:4      | Noticed Eustachio
  4674 | D:4      | Killed Eustachio
  4675 | D:4      | Reached skill level 4 in Spellcasting
  4675 | D:4      | Reached skill level 1 in Transmutations
  5111 | D:4      | Found a glowing golden altar of the Shining One.
  5238 | D:4      | Noticed Edmund
  5271 | D:4      | Killed Edmund
  5272 | D:4      | Reached XP level 7. HP: 40/40 MP: 14/16
  5662 | D:5      | Entered Level 5 of the Dungeon
  5706 | D:5      | Reached skill level 5 in Spellcasting
  6134 | D:5      | Found a runed translucent gate.
  6135 | D:5      | Found a runed translucent gate.
  6136 | D:5      | Found a runed translucent gate.
  6137 | D:5      | Noticed Thargor's ghost (novice GrEE)
  6984 | D:5      | Found a basalt altar of Yredelemnul.
  7123 | D:6      | Reached skill level 6 in Spellcasting
  7123 | D:6      | Reached skill level 5 in Summonings
  7197 | D:6      | Found a staircase to the Ecumenical Temple.
  7268 | D:6      | Reached **** piety under Lugonu
  7269 | D:6      | Reached XP level 8. HP: 38/45 MP: 17/19
  7737 | D:6      | Reached skill level 7 in Spellcasting
  7743 | D:6      | HP: 2/45 [orc priest/divine providence (12)]
  7753 | D:6      | Killed from afar by an orc priest

Illustrated notes

Levels and vault maps discovered:
D:1:      lemuel_arrival_lava_pool, layout_basic,
          dreamdust_ecumenical_altar_sealed_demon, serial_shops,
          nicolae_shop_behind_doors
D:2:      layout_loops_ring, uniq_jessica
D:3:      layout_basic
D:4:      layout_loops_ring, tso_altar, amcnicky_altar_gilded, serial_aquarium,
          aquarium_bridge_long_joined [aquarium_subvault_wall,
          aquarium_subvault_bridge, aquarium_subvault_wall,
          aquarium_subvault_bridge, aquarium_subvault_balcony,
          aquarium_subvault_window], aquarium_bridge_straight
          [aquarium_subvault_bridge, aquarium_subvault_wall,
          aquarium_subvault_bridge, aquarium_subvault_wall], aquarium_window_1,
          aquarium_window_3, aquarium_view_2g, aquarium_view_2e, uniq_edmund,
          uniq_eustachio
D:5:      layout_basic, lemuel_round_altar, ebering_ghost_rock_garden
D:6:      layout_basic, minmay_temple_entry_waves, minivault_27, minivault_10

Skill      XL: |  1  2  3  4  5  6  7  8 |
---------------+-------------------------+-----
Dodging        | 3 |  3.3
Ranged Weapons | 1 |  1.4
Spellcasting   | 2 3 4 6 7 |  7.1
Short Blades   | 3 |  3.9
Summonings     | 3 5 6 |  6.9
Transmutations | 2 |  2.0
Fighting       | |  2.9
Armour         | |  0.7
Invocations    | |  2.9

Action                   |  1- 3 |  4- 6 |  7- 9 || total
-------------------------+-------+-------+-------++-------
Melee: Short sword       |    98 |   126 |   161 ||   385
       Dagger            |    10 |       |       ||    10
       Punch             |       |     1 |       ||     1
 Fire: Sling             |    65 |       |       ||    65
 Cast: Wereblood         |       |     2 |     4 ||     6
Invok: Depart the Abyss  |     1 |       |       ||     1
       Bend Space        |       |       |     1 ||     1
  Use: Potion            |       |     5 |     3 ||     8
 Stab: Sleeping          |     1 |     4 |     1 ||     6
Armor: Leather armour    |    30 |    19 |    19 ||    68
Dodge: Dodged            |    87 |    88 |    69 ||   244
Block: Other             |       |     4 |       ||     4
       Buckler           |       |       |    78 ||    78
       Reflection        |       |       |     1 ||     1

Table legend: (Time is in decaauts)
 A = Elapsed time spent in this place.
 B = Non-inter-level travel time spent in this place.
 C = Inter-level travel time spent in this place.
 D = Time resting spent in this place.
 E = Time spent auto-exploring this place.
 F = Levels seen in this place.
 G = Mean time per level.
                   A        B        C        D        E       F      G
               +--------+--------+--------+--------+--------+-----+--------+
         Total |   7779 |   7652 |    127 |   1563 |   4750 |   7 | 1111.3 |
       Dungeon |   7714 |   7587 |    127 |   1563 |   4718 |   6 | 1285.7 |
         Abyss |     65 |     65 |      0 |      0 |     32 |   1 |   65.0 |
               +--------+--------+--------+--------+--------+-----+--------+

Top non-repeatable levels by time:
     D:4: 2042 daAuts
     D:1: 1726 daAuts
     D:2: 1206 daAuts
     D:3: 1177 daAuts
     D:5: 906 daAuts
     D:6: 656 daAuts
 Abyss:1: 65 daAuts
